 Dungeon Crawl Stone Soup version 0.32-a0-673-g3729bd50f8 (webtiles) character file.

Game seed: 6001098846544032983

46 Shayle the Apothecary (level 3, -2/24 HPs)
             Began as a Coglin Alchemist on Mar 10, 2024.
             Slain by Crazy Yiuf
             ... wielding a +4 quarterstaff of chaos
              (11 damage)
             ... on level 2 of the Dungeon.
             The game lasted 00:03:57 (1184 turns).

Shayle the Apothecary (Coglin Alchemist)            Turns: 1184, Time: 00:03:58

Health: -2/24      AC:  2    Str: 12    XL:     3   Next: 68%
Magic:  3/6        EV: 12    Int: 20    God:
Gold:   60         SH:  0    Dex: 14    Spells: 2/6 levels left

rFire   . . .        h - +2 dagger (elec) {Akal}
rCold   . . .        i - +10 short sword of Drought {flame, Str+4 Int+4}
rNeg    . . .        a - +0 robe
rPois   .            (no helmet)
rElec   .            (no cloak)
rCorr   .            (no gloves)
SInv    .            (no boots)
Will    .....        (amulet unavailable)
Stlth   ++           (ring unavailable)
HPRegen 0.24/turn    (ring unavailable)
MPRegen 0.10/turn    (no gizmo)

%: no passive effects
@: brilliant, weak-willed, attractive, very slightly contaminated
A: off-hand wielding, slow wielding, warmup strikes, no jewellery
a: Invent Gizmo


You were on level 2 of the Dungeon.
You visited 1 branch of the dungeon, and saw 2 of its levels.

You collected 60 gold pieces.

Inventory:

Hand Weapons
 d - a +0 short sword {Izel}
 e - a +0 dagger {Jia}
 f - a +0 whip {Somchit}
 h - a +2 dagger of electrocution (weapon) {Akal}
 i - the +10 short sword of Drought (offhand) {flame, Str+4 Int+4}
   (You found it on level 2 of the Dungeon)

   Str+4:     It affects your strength (+4).
   Int+4:     It affects your intelligence (+4).
Armour
 a - a +0 robe (worn)
Wands
 j - a wand of light (13)
Scrolls
 k - a scroll of blinking {unknown}
Potions
 b - a potion of magic


   Skills:
 + Level 2.3 Dodging
 - Level 1.5 Stealth
 + Level 2.2 Spellcasting
 + Level 1.6 Conjurations
 + Level 3.8 Alchemy


You had 2 spell levels left.
You knew the following spells:

 Your Spells              Type           Power      Damage    Failure   Level
a - Sting                 Conj/Alch      76%        1d7       4%          1
b - Mephitic Cloud        Conj/Alch/Air  14%        N/A       22%         3

Your spell library contained the following spells:

 Spells                   Type           Power      Damage    Failure   Level
 Mercury Vapours          Alch/Air       28%        N/A       11%         2
 Sandblast                Erth           6%         2d5       16%         1
 Stone Arrow              Conj/Erth      16%        3d8       32%         3
 Olgreb's Toxic Radiance  Alch           26%        N/A       32%         4
 Passwall                 Erth           3%         N/A       43%         3
 Sticky Flame             Fire/Alch      14%        2d5       56%         4
 Brom's Barrelling Bould  Conj/Erth      8%         2d3       73%         4


Dungeon Overview and Level Annotations

Branches:
Dungeon (2/15)

Altars:

Annotations:
D:2 Crazy Yiuf


Innate Abilities, Weirdness & Mutations

You can wield a second weapon in your off-hand.
It takes a long time for you to wield or remove held weapons.
Your first few attacks do less damage.
You cannot equip rings or amulets.


Message History

You kill the bat!
You see here a bat corpse.
j - a wand of light (13)
You see here a bat corpse.
k - a scroll labelled GUCLYTI ALEMPO
Found a hammer.
Found two hammers.
Found a runed translucent door.
You see here a +0 hammer.
Crazy Yiuf shouts!
Found a hammer.
Crazy Yiuf says, "Powder toodlewoodle Hive!"
This spell is extremely dangerous to cast!
You start memorising the spell.
You continue memorising.
Crazy Yiuf grits, "Leather tired water!"
You continue memorising. x2
Crazy Yiuf grits, "Goldfish King dark!"
You finish memorising.
Spell assigned to 'b'.
As you open the door, it creaks loudly!
Crazy Yiuf twirls on the spot.
Casting: Sting (safe; 4% risk of failure)
Confirm with . or Enter, or press ? or * to list all spells.
Aiming: Mephitic Cloud (extremely dangerous; 22% risk of failure)
Press: ? - help, Shift-Dir - straight line, f - Crazy Yiuf
Aim: Crazy Yiuf, wielding a +4 quarterstaff of chaos and wearing a +0 cloak (chance to affect: 86%)
You miscast Mephitic Cloud.
You are very lightly contaminated with residual magic.
You are caught in an explosion of electrical discharges!
Crazy Yiuf says, "Gum pizzabubble verde!"
Crazy Yiuf hits you with a +4 quarterstaff of chaos!
Your willpower is stripped away!
Unknown command.
Okay, then.
Crazy Yiuf sings, "Trees, trees, trees, circus!"
It was a potion of brilliance.
You feel clever all of a sudden. Crazy Yiuf barely misses you.
It was a potion of attraction.
You feel attractive to monsters.
Crazy Yiuf hits you with a +4 quarterstaff of chaos!
You die...

#........# #.....†..#
............#
............#####
###########.....#
#.....# #######.....#
### ###)#..+......#
#..)##@.#......#.......
#..)'g####.......#####+
#)..### ##.+....# ###
####.#.# #.#.# #.#.#
#.. . .#


You could see Crazy Yiuf.

Vanquished Creatures
  A gnoll (D:1)
  A dart slug (D:1)
  4 ball pythons (D:1)
  6 endoplasms
  2 giant cockroaches (D:1)
  A quokka (D:1)
  5 bats
  2 frilled lizards (D:1)
  4 goblins
  6 kobolds (D:1)
  2 rats (D:1)
34 creatures vanquished.

Notes
Turn   | Place    | Note
-------+----------+-------------------------------------------
     0 | D:1      | Shayle the Coglin Alchemist began the quest for the Orb.
     0 | D:1      | Reached XP level 1. HP: 13/13 MP: 3/3
   102 | D:1      | Reached skill level 1 in Conjurations
   243 | D:1      | Reached XP level 2. HP: 15/19 MP: 1/5
   402 | D:1      | Reached XP level 3. HP: 24/24 MP: 6/6
   868 | D:1      | Found a faded altar of an unknown god.
  1065 | D:2      | Identified the +10 short sword of Drought {flame, Str+4
                  | Int+4}
  1172 | D:2      | Found a runed translucent door.
  1173 | D:2      | Noticed Crazy Yiuf
  1180 | D:2      | Learned a level 3 spell: Mephitic Cloud
  1184 | D:2      | Slain by Crazy Yiuf

Illustrated notes

Levels and vault maps discovered:
D:1:      dpeg_arrival_boxes_within_box, layout_loops_ring,
          hellmonk_ecumenical_altar_run_dry
D:2:      layout_basic, minmay_pentomino_z2, uniq_crazy_yiuf_cottage

Skill      XL: |  1 |
---------------+----+-----
Conjurations   | 1 |  1.6
Dodging        | 2 |  2.3
Spellcasting   | 2 |  2.2
Stealth        | |  1.5
Alchemy        | |  3.8

Action                     || total
---------------------------++-------
  Melee: Short sword       ||    34
         Dagger            ||    18
         Unarmed           ||     8
         Whip              ||    18
   Cast: Sting             ||    25
    Use: Potion            ||     2
   Stab: Sleeping          ||     3
         Distracted        ||     1
 Armour: Robe              ||    31
  Dodge: Dodged            ||    30

Table legend: (Time is in decaauts)
 A = Elapsed time spent in this place.
 B = Non-inter-level travel time spent in this place.
 C = Inter-level travel time spent in this place.
 D = Time resting spent in this place.
 E = Time spent auto-exploring this place.
 F = Levels seen in this place.
 G = Mean time per level.
                   A        B        C        D        E       F      G
               +--------+--------+--------+--------+--------+-----+--------+
         Total |   1185 |   1142 |     43 |     20 |    757 |   2 |  592.5 |
       Dungeon |   1185 |   1142 |     43 |     20 |    757 |   2 |  592.5 |
               +--------+--------+--------+--------+--------+-----+--------+

Top non-repeatable levels by time:
     D:1: 998 daAuts
     D:2: 186 daAuts
